 Dungeon Crawl Stone Soup version 0.27.1-2-g3b301248ec (webtiles) character file.

Game seed: 10206698135638254196

2343 DoubleLucky the Summoner (level 9, 0/54 HPs)
             Began as a Tengu Summoner on Sept 25, 2021.
             Was a Follower of Qazlal.
             Slain by a manticore (2 damage)
             ... on level 11 of the Dungeon.
             The game lasted 01:23:30 (11885 turns).

DoubleLucky the Summoner (Tengu Summoner)          Turns: 11885, Time: 01:23:31

Health: 0/54       AC: 10    Str: 12    XL:     9   Next: 43%
Magic:  2/27       EV: 14    Int: 16    God:    Qazlal [*.....]
Gold:   405        SH:  1    Dex: 14    Spells: 12/18 levels left

rFire    . . .     SeeInvis .   i - +2 trident (protect)
rCold    . . .     Faith    .   (no shield)
rNeg     . . .     Spirit   .   f - +0 leather armour
rPois    .         Reflect  .   (helmet restricted)
rElec    .         Harm     .   a - scarf {repulsion}
rCorr    +         Rampage  .   (no gloves)
Will     .....                  (boots unavailable)
Stlth    ++........             (no amulet)
HPRegen  0.18/turn              D - ring of resist corrosion
MPRegen  0.20/turn              G - ring of magical power

@: mighty, spiked, under a protective aura, flying quickly and evasively, very
slightly contaminated, invisible, repel missiles, quick
A: beak, talons 3, nimble flight
a: Renounce Religion


You were on level 11 of the Dungeon.
You worshipped Qazlal.
Qazlal was aware of your devotion.
You visited 2 branches of the dungeon, and saw 10 of its levels.
You also visited: Sewer.

You collected 405 gold pieces.

Inventory:

Hand Weapons
 g - a +1 spear
 i - a +2 trident of protection (weapon)
 r - a +0 glaive
 A - a +0 halberd
Missiles
 j - 6 boomerangs
 n - 215 stones
 o - 25 poisoned darts (quivered)
Armour
 a - a scarf of repulsion (worn)
 f - a +0 leather armour (worn)
 E - a +0 robe of willpower
 H - a +1 cloak
Jewellery
 D - a ring of resist corrosion (left hand)
 G - a ring of magical power (right hand)
Wands
 e - a wand of acid (13)
 k - a wand of mindburst (22)
 I - a wand of iceblast (14)
Scrolls
 b - 3 scrolls of enchant weapon
 l - 2 scrolls of magic mapping {unknown}
 t - 2 scrolls of blinking {unknown}
 v - a scroll of fog {unknown}
 w - a scroll of brand weapon {unknown}
 y - a scroll of holy word {unknown}
 C - a scroll of silence {unknown}
 F - a scroll of teleportation {unknown}
 J - a scroll of immolation {unknown}
Potions
 c - 3 potions of brilliance
 d - 2 potions of cancellation
 h - a potion of flight {unknown}
 p - a potion of magic
 s - a potion of might
 u - a potion of invisibility
 z - a potion of ambrosia {unknown}
 B - a potion of degeneration {unknown}
Miscellaneous
 K - a condenser vane


   Skills:
 + Level 5.2 Fighting
 + Level 5.6 Polearms
 - Level 2.1 Dodging
 - Level 2.0 Stealth
 + Level 5.4 Spellcasting
 + Level 1.5 Hexes
 + Level 8.1 Summonings
 + Level 6.6 Air Magic


You had 12 spell levels left.
You knew the following spells:

 Your Spells              Type           Power      Damage    Failure   Level
a - Summon Small Mammal   Summ           100%       N/A       1%          1
b - Call Imp              Summ           30%        N/A       1%          2
c - Call Canine Familiar  Summ           30%        N/A       1%          3

Your spell library contained the following spells:

 Spells                   Type           Power      Damage    Failure   Level
 Summon Guardian Golem    Hex/Summ       19%        N/A       8%          3
 Summon Lightning Spire   Summ/Air       27%        N/A       9%          4
 Slow                     Hex            9%         N/A       14%         2
 Foxfire                  Conj/Fire      16%        2x1d4     19%         1
 Magic Dart               Conj           16%        1d3       19%         1
 Mephitic Cloud           Conj/Pois/Air  11%        N/A       22%         3
 Confusing Touch          Hex            9%         N/A       28%         3
 Inner Flame              Hex/Fire       6%         N/A       38%         3
 Conjure Flame            Conj/Fire      4%         6-21      50%         3
 Yara's Violent Unravell  Hex/Tmut       3%         3d4       98%         5


Dungeon Overview and Level Annotations

Branches:
Dungeon (11/15)            Temple (1/1) D:7           Sewer (visited)
   Lair: D:8-11         Orc: D:9-12

Altars:
Ashenzari
Cheibriados
Dithmenos
Elyvilon
Fedhas
Gozag
Hepliaklqana
Kikubaaqudgha
Makhleb
Nemelex Xobeh
Okawaru
Qazlal
Ru
Sif Muna
Trog
Uskayaw
Vehumet
Wu Jian
Xom
Yredelemnul
Zin
The Shining One

Shops:
D:5 *   D:6 *

Annotations:
D:4 exclusion: downstairs
D:5 exclusion: downstairs


Innate Abilities, Weirdness & Mutations

You have a beak for a mouth.
You have claws for feet.
Your magical nature lets you fly swiftly and evasively.


Message History

Confirm with . or Enter, or press ? or * to list all spells.
Your shadow imp hits the manticore.
The manticore flicks its tail.
The volley of spikes is repelled.
Casting: Call Canine Familiar (safe; 1% risk of failure)
Confirm with . or Enter, or press ? or * to list all spells.
A beastly little devil appears in a puff of frigid air.
Your shadow imp closely misses the manticore.
The manticore flicks its tail.
The volley of spikes hits your white imp!
Your white imp dies!
Your shadow imp hits the manticore.
The manticore flicks its tail.
The volley of spikes hits your hound!
Your hound dies!
Your hound's corpse disappears in a puff of smoke!
Press: ? - help, v - describe, . - travel
Here: a manticore (moderately wounded, ally target)
The floor.
Unknown command.
Your shadow imp hits the manticore.
The manticore flicks its tail.
The volley of spikes hits you!
The barbed spikes become lodged in your body.
* * * LOW HITPOINT WARNING * * *
You fade into invisibility!
Your shadow imp barely misses the manticore.
You are very lightly contaminated with residual magic.
The barbs in your skin will harm you if you move.
Continue?
Okay, then.
Okay, then.
You feel very mighty all of a sudden.
Your shadow imp hits the manticore but does no damage.
You catch the helpless manticore completely off-guard!
You puncture the manticore!
Your weapon exudes an aura of protection.
You claw the manticore.
The manticore is heavily wounded.
You block the manticore's attack. The manticore claws you.
You die...

........)..##.g.....
.....h.)##..#.......
.....r..###.'g......
####5#### ###.......
..hr.# ....... ######
####+## #..# #.#
######## ##@#######
.......########.H......#
.......'.H...##.5......#
.......#####...........#
.......# ####........#
.......# #....(...#
.......# ######.###
.......# #..# ########
##.#


You could see a manticore (ally target) and a friendly shadow imp (summoned).

Vanquished Creatures
  A shadow (D:11)
  Eustachio (D:5)
  A basilisk (D:11)
  2 ice beasts
  A phantom (D:5)
  3 bullfrogs
  A howler monkey (D:7)
  A centaur skeleton (D:6)
  A hound (D:5)
  An orc priest (D:5)
  A bullfrog skeleton (D:6)
  2 gnoll shamans
  An iguana (D:5)
  2 orc wizards (D:6)
  A hound skeleton (D:4)
  A gnoll (D:7)
  4 adders
  2 river rats (Sewer)
  2 ufetubi
  A dart slug (D:3)
  5 orcs
  5 bats
  2 endoplasms
  A giant cockroach (D:3)
  3 hobgoblins
  6 jackals
  4 quokkas
  6 ball pythons
  2 frilled lizards
  2 goblins
  2 kobolds
  8 rats
76 creatures vanquished.

Vanquished Creatures (collateral kills)
  A cyclops (D:11)
  A centaur zombie (D:11)
  A komodo dragon (D:11)
  Edmund (D:5)
  A black bear (D:7)
  An ice beast (D:7)
  2 ogres
  Blork the orc (D:6)
  A gnoll sergeant (D:11)
  2 scorpions
  A bullfrog (Sewer)
  A water moccasin zombie (D:7)
  A hound (D:5)
  A jelly (D:7)
  An orc priest (D:4)
  5 iguanas
  An orc wizard (D:6)
  A hound skeleton (D:5)
  5 adders
  18 gnolls
  3 river rats (Sewer)
  A white imp (D:5)
  A worm (D:2)
  A dart slug (D:1)
  10 orcs
  8 endoplasms
  A giant cockroach (D:4)
  A goblin (D:2)
  2 hobgoblins
  7 jackals
  8 ball pythons
  7 frilled lizards
  A kobold (D:3)
  16 rats
114 creatures vanquished.

Grand Total: 190 creatures vanquished

Notes
Turn   | Place    | Note
-------+----------+-------------------------------------------
     0 | D:1      | DoubleLucky the Tengu Summoner began the quest for the Orb.
     0 | D:1      | Reached XP level 1. HP: 10/10 MP: 4/4
   775 | D:1      | Reached skill level 5 in Summonings
   775 | D:1      | Reached XP level 2. HP: 11/16 MP: 3/6
  1061 | D:1      | Reached skill level 1 in Fighting
  1395 | D:2      | Found a faded altar of an unknown god.
  1414 | D:2      | Reached XP level 3. HP: 17/20 MP: 2/7
  1972 | D:2      | Reached skill level 1 in Air Magic
  2098 | D:2      | Reached XP level 4. HP: 23/25 MP: 8/8
  2218 | D:2      | Reached skill level 1 in Polearms
  2702 | D:2      | Learned a level 2 spell: Call Imp
  3637 | D:4      | Gained mutation: Your magical nature lets you fly swiftly
                  | and evasively. [Tengu growth]
  3637 | D:4      | Reached XP level 5. HP: 23/30 MP: 1/10
  3650 | D:4      | Found a glowing drain.
  3712 | Sewer    | Entered a sewer
  4247 | Sewer    | Reached XP level 6. HP: 9/36 MP: 2/11
  5481 | D:4      | Found a sparkling altar of Nemelex Xobeh.
  5740 | D:5      | Entered Level 5 of the Dungeon
  5968 | D:5      | Reached skill level 6 in Summonings
  5972 | D:5      | Learned a level 3 spell: Call Canine Familiar
  6002 | D:5      | Noticed Eustachio
  6005 | D:5      | Noticed Edmund
  6387 | D:5      | Killed Eustachio
  6388 | D:5      | Reached XP level 7. HP: 40/41 MP: 4/13
  6610 | D:5      | Killed Edmund
  6771 | D:5      | Found Iribren's Overcharged Wands.
  7995 | D:5      | Reached XP level 8. HP: 45/48 MP: 4/15
  8298 | D:6      | Noticed Blork the orc
  8530 | D:6      | Killed Blork the orc
  8713 | D:6      | Found Arhuab's CLEARANCE SALE! EVERYTHING MUST GO!.
  8756 | D:6      | Reached skill level 7 in Summonings
  8940 | D:6      | Reached skill level 5 in Air Magic
  9606 | D:7      | Found a staircase to the Ecumenical Temple.
  9676 | Temple   | Entered the Ecumenical Temple
  9989 | Temple   | Became a worshipper of Qazlal Stormbringer
 10752 | D:8      | You are sucked into a shaft and drop 3 floors!
 10783 | D:11     | Noticed a cyclops
 10811 | D:11     | Killed a cyclops
 10812 | D:11     | Reached skill level 5 in Polearms
 10812 | D:11     | Reached skill level 5 in Spellcasting
 10812 | D:11     | Reached XP level 9. HP: 46/53 MP: 13/17
 10855 | D:11     | Reached skill level 1 in Hexes
 11127 | D:11     | Reached skill level 5 in Fighting
 11402 | D:11     | Noticed a komodo dragon
 11449 | D:11     | Killed a komodo dragon
 11450 | D:11     | Reached skill level 8 in Summonings
 11682 | D:11     | Reached * piety under Qazlal
 11773 | D:11     | Noticed a manticore
 11778 | D:11     | HP: 2/54 [manticore/volley of spikes (18)]
 11882 | D:11     | HP: 1/54 [manticore/volley of spikes (11)]
 11885 | D:11     | Slain by a manticore

Illustrated notes

Levels and vault maps discovered:
D:1:      shiori_arrival_elements, layout_rooms, amcnicky_mini_corridor_feature
D:2:      layout_rooms, hellmonk_ecumenical_altar_zigzags
D:3:      layout_rooms
D:4:      layout_basic, mainiacjoe_overflow_six_doors_small,
          portal_sewer_entry_d
D:5:      layout_loops_ring, nicolae_shop_overcharged_wands, uniq_eustachio,
          uniq_edmund
D:6:      layout_rooms, nicolae_shop_clearance, uniq_blork_the_orc
D:7:      layout_rooms, minmay_temple_entry_mini_moons, dk_noncrumbling_2
D:8:      layout_gridville, kennysheep_just_a_vault
D:11:     layout_roguey, grunt_decor_resistance, nicolae_uskayaw_en_pointe
Temple:   regret_index_temple_sigil_plot

Skill      XL: |  1  2  3  4  5  6  7  8  9 |
---------------+----------------------------+-----
Summonings     | 5 6 7 8 |  8.1
Fighting       | 1 2 3 4 5 |  5.2
Air Magic      | 1 2 3 4 6 |  6.6
Polearms       | 1 2 3 5 |  5.6
Spellcasting   | 3 4 5 |  5.4
Hexes          | 1 |  1.5
Dodging        | |  2.1
Stealth        | |  2.0

Action                   |  1- 3 |  4- 6 |  7- 9 || total
-------------------------+-------+-------+-------++-------
Melee: Short sword       |    30 |       |       ||    30
       Unarmed           |     5 |       |       ||     5
       Kick              |    11 |    21 |    20 ||    52
       Peck              |     5 |    14 |    15 ||    34
       Dagger            |    21 |    10 |       ||    31
       Spear             |       |   159 |   175 ||   334
       Trident           |       |       |    39 ||    39
 Cast: Summon Small Mamm |    52 |    55 |    34 ||   141
       Call Imp          |       |    34 |    72 ||   106
       Call Canine Famil |       |    11 |    64 ||    75
Evoke: Wand              |       |     2 |       ||     2
  Use: Scroll            |     5 |     5 |     6 ||    16
       Potion            |       |     1 |     9 ||    10
 Stab: Distracted        |       |     4 |     6 ||    10
       Sleeping          |       |     3 |     2 ||     5
       Invisible         |       |       |     1 ||     1
Armor: Leather armour    |    23 |    23 |    10 ||    56
Dodge: Dodged            |    37 |   106 |    60 ||   203
       Repelled          |       |     1 |     5 ||     6
Block: Other             |       |       |     1 ||     1
